 Dungeon Crawl Stone Soup version 0.29-a0-422-gafbd6decc1 (webtiles) character file.

Game seed: 5257613233603346509

759331 holysushi the Intangible (level 27, -8/217 HPs)
             Began as an Octopode Artificer on May 18, 2022.
             Was a Favourite Plaything of Xom.
             Killed from afar by an orb of fire (48 damage)
             ... with a fireball
             ... on level 4 of the Realm of Zot on May 19, 2022.
             The game lasted 04:13:20 (103577 turns).

holysushi the Intangible (Octopode Artificer)     Turns: 103577, Time: 04:13:20

Health: -8/217     AC: 13    Str: 17      XL:     27
Magic:  41/41      EV: 91    Int: 16      God:    Xom [.*....]
Gold:   1576       SH: 47    Dex: 59 (60) Spells: 26/26 levels left

rFire   + . .      SeeInvis +   a - +9 rapier (chaos)
rCold   + + .      Faith    .   X - +8 tower shield {rN+}
rNeg    + + +      Spirit   .   l - +2 hat {SInv}
rPois   ∞          Reflect  .   C - amulet of the Four Winds {rN+ Will+++ Clar}
rElec   +          Harm     .   e - ring "Otreton" {rElec Will+ EV+4 Int+2 Stlth-}
rCorr   +          Rampage  .   d - ring of the Baleful God {Wiz rC+ Will+ MP+9 Str-2 Dex+4}
Will    +++++      Clarity  +   y - ring "Jogaify" {rF++ Str+6 Dex+3} Stlth *+++++++++
                                z - ring of Furif {EV+4 Dex+2}
HPRegen 0.46/turn               c - ring "Ojaejasm" {rPois rF- rCorr EV+4 Dex+4}
MPRegen 0.27/turn               g - +8 ring of dexterity
                                h - ring of Cuyng {MP+9 EV+4 Dex+7}
                                f - +6 ring of dexterity

@: about to teleport, lich-form, cleaving
A: draining attack, torment immunity, no potions, almost no armour, amphibious,
8 rings, camouflage 1, gelatinous body 1, (nimble swimmer 1), tentacles,
tentacle spike 1, iridescent scales 2, large bone plates 1, agile 1, sense
surroundings 1
}: 7/15 runes: decaying, slimy, silver, abyssal, demonic, glowing, gossamer
a: Renounce Religion


You were on level 4 of the Realm of Zot.
You worshipped Xom.
You were a plaything of Xom.
You were an undead lich.
You visited 13 branches of the dungeon, and saw 57 of its levels.
You visited Pandemonium 2 times, and saw 6 of its levels.
You visited the Abyss 2 times.
You also visited: Trove, Sewer, Bailey and Ice Cave.

You collected 34483 gold pieces.
You spent 17476 gold pieces at shops.
You paid 15431 gold pieces to Gozag.

Inventory:

Hand Weapons
 a - a +9 rapier of chaos (weapon)
 b - the +7 Spriggan's Knife {stab, EV+4 Stlth+}
   (You found it on level 5 of the Vaults)

   It is more effective when stabbing unaware enemies, treating them as though
   they were completely helpless.
   EV:        It affects your evasion (+4).
   Stlth:     It makes you more stealthy.
Armour
 l - a +2 hat of see invisible (worn)
 X - a +8 tower shield of positive energy (worn)
Jewellery
 c - the ring "Ojaejasm" (on tentacle) {rPois rF- rCorr EV+4 Dex+4}
   (You took it off a deep elf elementalist on level 3 of the Elven Halls)

   [ring of evasion]

   EV:        It affects your evasion (+4).
   Dex:       It affects your dexterity (+4).
   rF:        It makes you vulnerable to fire.
   rPois:     It protects you from poison.
   rCorr:     It protects you from acid and corrosion.
 d - the ring of the Baleful God (right tentacle) {Wiz rC+ Will+ MP+9 Str-2 Dex+4}
   (You bought it in a shop on level 1 of the Depths)

   [ring of wizardry]

   It improves your spell success rate.
   Str:       It affects your strength (-2).
   Dex:       It affects your dexterity (+4).
   rC:        It protects you from cold.
   MP:        It affects your magic capacity (+9).
   Will:      It increases your willpower.
 e - the ring "Otreton" (left tentacle) {rElec Will+ EV+4 Int+2 Stlth-}
   (You bought it in a shop in the Vestibule of Hell)

   [ring of evasion]

   EV:        It affects your evasion (+4).
   Int:       It affects your intelligence (+2).
   rElec:     It insulates you from electricity.
   Will:      It increases your willpower.
   Stlth:     It makes you less stealthy.
 f - a +6 ring of dexterity (on tentacle)
 g - a +8 ring of dexterity (on tentacle)
 h - the ring of Cuyng (on tentacle) {MP+9 EV+4 Dex+7}
   (You bought it in a shop on level 2 of the Orcish Mines)

   [ring of evasion]

   EV:        It affects your evasion (+4).
   Dex:       It affects your dexterity (+7).
   MP:        It affects your magic capacity (+9).
 t - the ring of Lesser Demons {+Blink Will+ EV+4 Int+4}
   (You bought it in a shop on level 3 of the Elven Halls)

   [ring of evasion]

   EV:        It affects your evasion (+4).
   Int:       It affects your intelligence (+4).
   +Blink:    It lets you blink.
   Will:      It increases your willpower.
 y - the ring "Jogaify" (on tentacle) {rF++ Str+6 Dex+3}
   (You bought it in a shop in the Vestibule of Hell)

   [ring of strength]

   Str:       It affects your strength (+6).
   Dex:       It affects your dexterity (+3).
   rF:        It greatly protects you from fire.
 z - the ring of Furif (on tentacle) {EV+4 Dex+2}
   (You found it on level 3 of the Crypt)

   [ring of evasion]

   EV:        It affects your evasion (+4).
   Dex:       It affects your dexterity (+2).
 C - the amulet of the Four Winds (around mantle) {rN+ Will+++ Clar}
   (You bought it in a shop on level 3 of the Elven Halls)

   [amulet of nothing]

   rN:        It protects you from negative energy.
   Clar:      It protects you against confusion.
   Will:      It greatly increases your willpower.
Wands
 j - a wand of acid (16) (quivered)
 s - a wand of iceblast (35)
 F - a wand of digging (2)
 G - a wand of paralysis (18)
 H - a wand of flame (34)
Scrolls
 k - 10 scrolls of blinking
 q - 8 scrolls of fog
 u - a scroll of summoning
 w - 21 scrolls of teleportation
 B - 15 scrolls of poison
 L - 11 scrolls of amnesia
 N - 3 scrolls of silence
 O - 2 scrolls of magic mapping
 P - 8 scrolls of enchant weapon
 Q - 10 scrolls of vulnerability
 Y - 3 scrolls of fear
Potions
 i - 8 potions of brilliance
 m - 17 potions of heal wounds
 r - 2 potions of flight
 v - 25 potions of attraction
 x - 27 potions of curing
 A - 4 potions of mutation
 E - 10 potions of might
 I - 13 potions of haste
 K - 6 potions of lignification
 M - 12 potions of ambrosia
 T - 6 potions of cancellation
 V - 3 potions of magic
 W - 3 potions of berserk rage
 Z - 5 potions of invisibility
Miscellaneous
 n - a box of beasts
 o - a phantom mirror
 p - a phial of floods
 J - the horn of Geryon
 R - a condenser vane
 U - a tin of tremorstones (2/2)


   Skills:
 - Level 25.1 Fighting
 - Level 20.0 Short Blades
 O Level 27 Dodging
 - Level 23.2 Stealth
 + Level 22.9 Shields
 - Level 15.0 Evocations


You had 26 spell levels left.
You didn't know any spells.
Your spell library contained the following spells:

 Spells                   Type           Power      Damage    Failure   Level
 Animate Skeleton         Necr           0%         N/A       16%         1
 Beastly Appendage        Tmut           0%         N/A       16%         1
 Foxfire                  Conj/Fire      0%         2x1d4     16%         1
 Freeze                   Ice            0%         1d3       16%         1
 Magic Dart               Conj           0%         1d3       16%         1
 Pain                     Necr           0%         1d4       16%         1
 Sandblast                Erth           0%         2d4       16%         1
 Slow                     Hex            0%         N/A       16%         1
 Sting                    Tmut/Pois      0%         1d3       16%         1
 Summon Small Mammal      Summ           0%         N/A       16%         1
 Call Imp                 Summ           0%         N/A       22%         2
 Corpse Rot               Necr/Air       0%         N/A       22%         2
 Ensorcelled Hibernation  Hex/Ice        0%         N/A       22%         2
 Passwall                 Tmut/Erth      0%         N/A       22%         2
 Poisonous Vapours        Pois/Air       0%         N/A       22%         2
 Scorch                   Fire           0%         2d5       22%         2
 Static Discharge         Conj/Air       0%         N/A       22%         2
 Call Canine Familiar     Summ           0%         N/A       41%         3
 Confusing Touch          Hex            0%         N/A       41%         3
 Dazzling Flash           Conj/Hex       0%         N/A       41%         3
 Frozen Ramparts          Ice            0%         1d2       41%         3
 Gell's Gravitas          Tloc           0%         N/A       41%         3
 Inner Flame              Hex/Fire       0%         N/A       41%         3
 Lesser Beckoning         Tloc           0%         N/A       41%         3
 Mephitic Cloud           Conj/Pois/Air  0%         N/A       41%         3
 Ozocubu's Armour         Ice            0%         N/A       41%         3
 Portal Projectile        Hex/Tloc       0%         N/A       41%         3
 Spider Form              Tmut/Pois      0%         N/A       41%         3
 Stone Arrow              Conj/Erth      0%         3d7       41%         3
 Summon Guardian Golem    Hex/Summ       0%         N/A       41%         3
 Swiftness                Air            0%         N/A       41%         3
 Teleport Other           Tloc           0%         N/A       41%         3
 Tukima's Dance           Hex            0%         N/A       41%         3
 Vampiric Draining        Necr           0%         2d6       41%         3
 Anguish                  Hex/Necr       0%         N/A       80%         4
 Animate Dead             Necr           0%         N/A       80%         4
 Cause Fear               Hex            0%         N/A       80%         4
 Dispel Undead            Necr           0%         3d6       80%         4
 Flame Wave               Conj/Fire      0%         2d4       80%         4
 Fulminant Prism          Conj/Hex       0%         3d6       80%         4
 Hailstorm                Conj/Ice       0%         3d3       80%         4
 Ice Form                 Ice/Tmut       0%         N/A       80%         4
 Iskenderun's Mystic Bla  Conj/Tloc      0%         2d3       80%         4
 Leda's Liquefaction      Hex/Erth       0%         N/A       80%         4
 Olgreb's Toxic Radiance  Pois           0%         N/A       80%         4
 Passage of Golubria      Tloc           0%         N/A       80%         4
 Petrify                  Tmut/Erth      0%         N/A       80%         4
 Summon Ice Beast         Ice/Summ       0%         N/A       80%         4
 Agony                    Necr           0%         N/A       98%         5
 Alistair's Intoxication  Tmut/Pois      0%         N/A       98%         5
 Blade Hands              Tmut           0%         N/A       98%         5
 Borgnjor's Vile Clutch   Necr/Erth      0%         N/A       98%         5
 Excruciating Wounds      Necr           0%         N/A       98%         5
 Fireball                 Conj/Fire      0%         3d3       98%         5
 Iskenderun's Battlesphe  Conj           0%         2d6       98%         5
 Lee's Rapid Deconstruct  Erth           0%         3d5*      98%         5
 Lightning Bolt           Conj/Air       0%         1d11      98%         5
 Metabolic Englaciation   Hex/Ice        0%         N/A       98%         5
 Silence                  Hex/Air        0%         N/A       98%         5
 Summon Forest            Summ/Tloc      0%         N/A       98%         5
 Summon Mana Viper        Hex/Summ       0%         N/A       98%         5
 Yara's Violent Unravell  Hex/Tmut       0%         3d3       98%         5
 Conjure Ball Lightning   Conj/Air       0%         3x3d6     100%        6
 Death Channel            Necr           0%         N/A       100%        6
 Dispersal                Tloc           0%         N/A       100%        6
 Eringya's Noxious Bog    Tmut/Pois      0%         N/A       100%        6
 Iron Shot                Conj/Erth      0%         9d1       100%        6
 Simulacrum               Ice/Necr       0%         N/A       100%        6
 Starburst                Conj/Fire      0%         6d3       100%        6
 Summon Cactus Giant      Summ           0%         N/A       100%        6
 Dragon Form              Tmut           0%         N/A       100%        7
 Enfeeble                 Hex            0%         N/A       100%        7
 Haunt                    Necr/Summ      0%         N/A       100%        7
 Orb of Destruction       Conj           0%         9d5       100%        7
 Ozocubu's Refrigeration  Ice            0%         4d5       100%        7
 Spellforged Servitor     Conj/Summ      0%         N/A       100%        7
 Discord                  Hex            0%         N/A       100%        8
 Ignition                 Fire           0%         3d3       100%        8
 Infestation              Necr           0%         N/A       100%        8
 Lehudib's Crystal Spear  Conj/Erth      0%         10d2      100%        8
 Maxwell's Capacitive Co  Air            0%         ∞         100%        8
 Necromutation            Tmut/Necr      0%         N/A       100%        8
 Dragon's Call            Summ           0%         N/A       100%        9
 Animate Armour           Summ/Erth      Unusable   N/A       N/A         4

Dungeon Overview and Level Annotations

Branches:
Dungeon (15/15)            Temple (1/1) D:4            Lair (6/6) D:8
  Swamp (4/4) Lair:3       Spider (4/4) Lair:3        Slime (5/5) Lair:6
    Orc (2/2) D:11            Elf (3/3) Orc:2        Vaults (5/5) D:13
  Crypt (3/3) Vaults:3       Tomb (0/3) Crypt:3      Depths (4/4) D:15
   Hell (visited)             Dis (0/7) Hell            Geh (0/7) Hell
    Coc (0/7) Hell            Tar (0/7) Hell            Zot (4/5) Depths:4
  Sewer (visited)          Bailey (visited)           IceCv (visited)

Altars:
Ashenzari
Cheibriados
Dithmenos
Elyvilon
Fedhas
Gozag
Hepliaklqana
Kikubaaqudgha
Makhleb
Nemelex Xobeh
Okawaru
Qazlal
Ru
Sif Muna
Trog
Uskayaw
Vehumet
Wu Jian
Xom
Yredelemnul
Zin
The Shining One
Beogh
Jiyva

Shops:
D:1 *   D:3 (   D:7 *   D:8 (   D:11 *   D:12 ((*[(   Orc:2 ![=([   Elf:3 ===:
Lair:2 =   Vaults:3 :   Hell (=(?   Depths:1 =?*?(==?!   Depths:2 ?(

Portals:
Hell: Depths:1 Depths:2 Depths:3 Depths:4
Abyss: Depths:1 Depths:3
Pandemonium: Depths:1 Depths:2
Ziggurat: Depths:3

Annotations:
Lair:2 1 runed translucent door, Desusah's ghost, journeyman DrCA
Lair:3 2 transporters, exclusion: downstairs, benadryl's ghost, journeyman TrAr
Lair:5 1 runed translucent door, exclusion: downstairs, Usoal Hoge's ghost, journeyman DjIE
Elf:1 Roxanne
Elf:3 2 transporters, OTABOTABOTAB's ghost, adept DECj
Crypt:1 exclusion: downstairs


Innate Abilities, Weirdness & Mutations

You are an undead lich.
Your unarmed attacks are suffused with negative energy.
You are immune to unholy pain and torment.
Your necromantic spells are more powerful.
You cannot drink.
You are immune to poison.
You cannot wear most types of armour.
You are amphibious.
You can wear up to eight rings at the same time.
Your skin changes colour to match your surroundings (Stealth+).
Your rubbery body absorbs attacks. (AC +1, EV +1)
((You are camouflaged when in or above water. (Stealth+)))
You have tentacles for arms and can constrict up to eight enemies at once.
One of your tentacles bears a spike.
You are mostly covered in iridescent scales. (AC +4)
You are partially covered in large bone plates. (SH +4)
You are agile. (Dex +2)
You passively map a small area around you.


Message History

The fireball explodes!
The fireball engulfs you!!! You resist.
The fireball engulfs the orb of fire.
The orb of fire completely resists.
The fireball engulfs the red draconian!
The red draconian resists.
You block the red draconian's attack.
You impale the red draconian!! You freeze the red draconian.
You pierce the red draconian, but do no damage.
You squeeze the red draconian.
The red draconian is severely wounded.
You puncture the orb of fire! You freeze the orb of fire.
You are engulfed in blazing flames.
You resist.
You constrict the red draconian.
The orb of fire emits a lurid red light.
The fireball explodes!
The fireball engulfs you!! You resist.
* * * LOW HITPOINT WARNING * * *
The fireball engulfs the orb of fire.
The orb of fire completely resists.
The fireball engulfs the red draconian!!
The red draconian resists.
You hear a roar! x2; The red draconian roars!
Unknown command.
You cannot drink potions in your current state!
Unknown command.
Okay, then.
Aiming: Corrosive Bolt
Press: ? - help, Q - select action, (/) - cycle Shift-Dir - straight line, f - orb of fire
Aim: an orb of fire (lightly damaged, wandering, fast, incited by Gozag, hasn't noticed you, 46% to hit)
Okay, then.
Blink to where?
Press: ? - help, Dir - move target You lose your grip on the red draconian.
As you read the scroll of blinking, it crumbles to dust.
You hear a roar!
A black draconian comes into view. It is wielding a +0 battleaxe.
The red draconian scorcher breathes fire at you.
The searing blast misses you.
You hear a roar! x2
There is a stone staircase leading down here.
The orb of fire glows bright magenta.
The fireball explodes!
The fireball engulfs you!!! You resist.
You die...
Xom chortles!

, ,,, ,#q# *
######d### ,
..y...ddd.#
####.##q#..#
.....q...####
##......###≈≈#
......y###≈≈..#
≈###...≈≈.d≈≈..≈≈#*
§≈≈..≈≈.d≈q.d≈≈L§#
,
§..≈≈.d≈≈≈d≈≈..≈≈#
** ≈..≈≈..≈≈*q≈≈..#
≈≈..≈≈...###≈≈#
###....d...####*
###...☼.†### ,
*##.....°....###.*
................,
,..##.......=###.


You could see an orb of fire (fast, incited), a black draconian knight (fast,
invisible, drained), 2 draconians, a yellow draconian, a green draconian, a red
draconian, a red draconian scorcher (fast, incited, catching breath) and a moth
of wrath.

Vanquished Creatures
  the Royal Jelly (Slime:5)
  2 pandemonium lords (Pan)
  Mnoleg (Pan)
  2 dread liches (Crypt:3)
  5 ancient liches
  Mennas (Crypt:2)
  A Killer Klown (Zot:4)
  Vv (Zot:1)
  4 shard shrikes
  Saint Roka (Vaults:3)
  Margery (Vaults:4)
  5 golden dragons
  A caustic shrike (Depths:1)
  Geryon (Hell)
  the Enchantress (Depths:3)
  A bone dragon (Crypt:3)
  A Tzitzimitl (Depths:1)
  A Hell Sentinel (Pan)
  A tainted leviathan (Hell)
  2 liches (Vaults:2)
  19 tentacled monstrosities
  A walking earthen tome (Depths:3)
  Asterion (Vaults:3)
  9 searing wretches (Hell)
  Jorgrun (Spider:1)
  4 titans
  18 acid blobs
  A deep elf master archer (Elf:3)
  10 sphinxes
  Murray (Hell)
  3 deep elf blademasters
  2 quicksilver dragons
  Agnes (Elf:1)
  2 ancient champions
  5 death cobs
  6 thorn hunters
  7 Executioners (Pan)
  Kirke (D:14)
  3 tentacled starspawn
  Frances (D:14)
  Gastronok (D:8)
  3 tengu reavers
  8 shadow dragons
  9 storm dragons
  10 azure jellies
  2 revenants (Crypt:2)
  The ghost of Gelos the Brawler, an adept VSFi of Jiyva (Swamp:3)
  13 rockslimes
  3 draconian monks
  A nargun (Depths:2)
  2 demonspawn warmongers (Pan)
  A daeva (Pan)
  7 frost giants
  6 emperor scorpions
  2 iron dragons
  3 balrugs (Pan)
  18 vault wardens
  3 draconian knights
  13 cacodemons
  4 draconian scorchers
  9 fire giants
  2 orc warlords
  4 curse skulls
  3 deep elf sorcerers
  2 draconian shifters
  4 draconian stormcallers
  A juggernaut zombie (Hell)
  Aizul (Elf:2)
  A quicksilver ooze (shapeshifter) (Vaults:5)
  7 quicksilver oozes
  A spriggan defender (Depths:3)
  3 spectral caustic shrikes (Depths:4)
  13 stone giants
  3 ghost moths
  3 ghouls
  14 ironbound preservers
  13 reapers
  A demonspawn corrupter (Pan)
  A broodmother (Spider:3)
  4 deep elf elementalists (Elf:3)
  5 demonspawn blood saints (Pan)
  32 very ugly things
  9 war gargoyles
  3 vampire knights (Crypt:2)
  7 green draconians
  2 juggernaut skeletons
  An ophan (Abyss:4)
  3 draconian annihilators
  11 ironbound thunderhulks
  A starcursed mass (Abyss:4)
  4 eleionomae
  4 black draconians
  7 deep elf demonologists
  2 demonspawn black suns (Pan)
  4 putrid mouths (Hell)
  3 bunyips
  9 entropy weavers
  A spark wasp (shapeshifter) (D:15)
  6 deep elf annihilators
  13 yellow draconians
  5 purple draconians
  2 lorocyprocas
  3 dire elephants
  3 wendigos
  5 white draconians
  4 eidola
  2 red draconians
  10 blizzard demons
  9 deep elf death magi
  6 ettins
  3 green deaths
  2 crystal guardians
  An ettin (shapeshifter) (Vaults:5)
  A merfolk javelineer (Abyss:4)
  4 fire dragons
  8 jiangshi
  14 yaktaur captains
  26 vault guards
  4 ogre magi
  5 rakshasas
  31 hydras
  2 hell beasts (Depths:3)
  3 peacekeepers
  6 great orbs of eyes
  6 boulder beetles
  4 deep elf high priests
  A ghost crab (Swamp:3)
  4 caustic shrike simulacra
  5 ice dragons
  Erolcha (D:12)
  8 ironbound frosthearts
  A merfolk avatar (Lair:6)
  2 spriggan skeletons (Crypt:3)
  2 radroaches
  2 anacondas (shapeshifter) (Vaults:5)
  4 death knights
  13 centaur warriors
  A stoker (Hell)
  6 spriggan air magi
  3 catoblepae
  15 two-headed ogres
  A radroach (shapeshifter) (Depths:4)
  12 alligators
  6 deep troll shamans
  3 tengu warriors
  8 death yaks
  4 death scarabs (Spider:4)
  12 deep troll earth magi
  4 vampire magi
  2 thrashing horrors
  5 spriggan berserkers
  A shock serpent (shapeshifter) (Vaults:5)
  31 soul eaters
  14 deep elf knights
  A spectral emperor scorpion (Spider:4)
  A hell hog (Abyss:1)
  11 spriggans
  2 wretched stars
  39 hell knights
  2 titan skeletons
  A fire crab (shapeshifter) (D:15)
  A storm dragon skeleton (Vaults:2)
  12 sun demons
  A spatial maelstrom (Abyss:1)
  8 goliath frogs
  A ghost moth zombie (Crypt:2)
  12 sixfirhies
  13 pharaoh ants
  27 skeletal warriors
  A sea snake (Lair:5)
  3 shadow wraiths
  5 spriggan druids
  54 deep trolls
  7 iron trolls
  A sun moth (Spider:3)
  2 glowing orange brains (shapeshifter)
  2 steelbarb worms
  An orb spider (shapeshifter) (Elf:1)
  A quicksilver dragon simulacrum (Depths:3)
  5 glowing orange brains
  12 bog bodies
  3 orb spiders
  9 swamp dragons
  2 obsidian statues (IceCv)
  2 flayed ghosts (Depths:2)
  13 shadow demons (Pan)
  14 deep elf archers
  An anaconda skeleton (Crypt:3)
  2 spriggan simulacra
  14 ironbound convokers
  11 lindwurms
  8 orc knights
  2 orange crystal statues (Depths:2)
  27 deep elf zephyrmancers
  A spectral wolf spider (Spider:4)
  A fenstrider witch simulacrum (Hell)
  13 wizards
  5 phantasmal warriors
  10 necromancers
  A harpy (Lair:6)
  5 cyclopes
  A harpy (shapeshifter) (D:15)
  17 deep elf pyromancers
  An oklob plant (D:11)
  10 orc sorcerers
  A shining eye (shapeshifter) (Vaults:4)
  4 will-o-the-wisps
  A wolf spider zombie (Spider:4)
  2 shadow dragon skeletons
  5 shining eyes
  A goliath frog zombie (Crypt:1)
  25 moths of wrath
  46 ugly things
  2 human zombies
  16 wolf spiders
  5 manticores
  A goliath frog skeleton (Crypt:2)
  A moth of wrath (shapeshifter) (D:13)
  2 human skeletons (Vaults:3)
  A worldbinder (Abyss:4)
  10 black mambas
  25 vault sentinels
  10 orange demons
  2 apocalypse crabs (Abyss:4)
  10 elephants
  A naga zombie (Abyss:3)
  4 gargoyles (Crypt:3)
  Joseph (D:10)
  6 rust devils
  A titan simulacrum (Hell)
  An eye of devastation (shapeshifter) (Vaults:5)
  A naga mage (Abyss:2)
  3 eyes of devastation (Pan)
  17 smoke demons
  3 unseen horrors (D:11)
  2 guardian serpents
  2 naga skeletons (Crypt:3)
  A cane toad (shapeshifter) (Vaults:5)
  3 torpor snails
  2 storm dragon simulacra
  3 spectral redbacks (Spider:4)
  10 cane toads
  2 hellions (Pan)
  2 rime drakes
  An orb spider zombie (Crypt:2)
  An unseen horror (shapeshifter) (D:14)
  2 efreet
  An alligator snapping turtle skeleton (Crypt:3)
  12 freezing wraiths
  A redback zombie (Spider:4)
  3 ice devils
  15 komodo dragons
  22 demonic crawlers
  44 yaktaurs
  6 hellwings
  4 tormentors (Pan)
  4 golden dragon simulacra
  4 tengu conjurers
  4 guardian mummies (Crypt:3)
  2 pale draconian skeletons (Crypt:1)
  An iron giant simulacrum (Hell)
  2 green draconian skeletons (Crypt:1)
  A hydra zombie (Crypt:3)
  2 trolls
  7 red devils
  A purple draconian skeleton (Crypt:2)
  An ancient zyme (Abyss:4)
  3 polar bears
  A troll (shapeshifter) (Vaults:5)
  2 wind drakes (Lair:6)
  12 meliai
  A harpy zombie (Crypt:3)
  2 spectral jumping spiders (Spider:4)
  A sphinx simulacrum (Depths:2)
  30 tarantellas
  13 tyrant leeches
  16 hornets
  2 spectral tarantellas (Spider:4)
  An iron dragon simulacrum (Depths:2)
  A radroach zombie (Crypt:2)
  A culicivora zombie (Spider:4)
  A tarantella (shapeshifter) (D:14)
  10 blink frogs
  115 slime creatures
  2 spectral culicivoras (Spider:4)
  2 tarantella zombies (Spider:4)
  2 jumping spider zombies (Spider:4)
  A blink frog (shapeshifter) (Elf:1)
  11 dream sheep (Lair:6)
  2 dream sheep (shapeshifter)
  27 jumping spiders
  A culicivora (shapeshifter) (D:13)
  12 flying skulls
  7 shadows
  3 dire elephant simulacra
  Sigmund (D:2)
  8 ynoxinuls (Pan)
  3 air elementals
  A satyr skeleton (Crypt:2)
  23 large abominations
  20 culicivoras
  A fire bat (Abyss:3)
  5 water elementals
  8 wraiths
  A deep troll skeleton (Vaults:3)
  A wyvern (Lair:6)
  9 fire elementals
  2 hogs (D:14)
  21 yaks
  19 neqoxecs
  A minotaur simulacrum (IceCv)
  5 basilisks
  10 golden eyes
  3 steam dragons (Lair:6)
  27 vampire mosquitoes
  36 redbacks
  11 chaos spawn (Pan)
  A naga (Abyss:2)
  11 wargs
  A harpy simulacrum (Hell)
  17 swamp worms
  A spatial vortex (Abyss:1)
  3 hell hounds (Elf:2)
  2 acid dragons
  18 water moccasins
  4 hydra simulacra (IceCv)
  9 swamp drakes
  A faun skeleton (Crypt:1)
  5 floating eyes
  4 black bears
  4 ice beasts
  A dream sheep zombie (Crypt:1)
  27 orc warriors
  A small abomination (Abyss:3)
  Pargi (Sewer)
  4 sky beasts
  An alligator simulacrum (IceCv)
  3 ettin simulacra
  9 ogres
  26 wolves
  16 centaurs
  A boggart (Abyss:3)
  2 kobold brigands
  10 gnoll sergeants
  A komodo dragon skeleton (Crypt:1)
  2 necrophages (Crypt:2)
  14 bullfrogs
  2 earth elementals
  9 scorpions
  17 wights
  A wyvern skeleton (Crypt:1)
  A warg skeleton (Crypt:1)
  9 killer bees
  An oklob sapling (D:11)
  5 electric eels
  A howler monkey (D:6)
  A crimson imp (D:9)
  3 centaur zombies
  5 hounds
  7 gnoll shamans
  2 jellies
  21 orc priests
  6 iguanas
  Terence (D:2)
  38 orc wizards
  An ogre skeleton (Crypt:1)
  8 mummies (Crypt:3)
  Robin (D:2)
  30 gnolls
  A steam dragon zombie (Crypt:2)
  10 adders
  A river rat (D:3)
  A white imp (D:8)
  2 ufetubi
  An adder zombie (D:2)
  A lava snake skeleton (Crypt:2)
  An adder skeleton (Crypt:2)
  A worm (Lair:3)
  140 orcs
  17 ball pythons
  4 bats
  9 endoplasms
  5 giant cockroaches
  13 goblins
  9 hobgoblins
  6 jackals
  6 kobolds
  4 quokkas
  3 frilled lizards
  A quokka zombie (D:2)
  6 rats
  3 briar patches (Swamp:2)
  3 fire vortices (Hell)
  A lurking horror (Abyss:4)
  A starspawn tentacle (Abyss:3)
2690 creatures vanquished.

Vanquished Creatures (collateral kills)
  the Lernaean hydra (Swamp:4)
  A tentacled monstrosity (Vaults:5)
  A frost giant (Vaults:5)
  An entropy weaver (Spider:2)
  Azrael (Elf:2)
  A putrid mouth (Hell)
  Snorg (Lair:6)
  A hydra (Swamp:4)
  6 vault guards (Vaults:5)
  A hell knight (Hell)
  A sixfirhy (Hell)
  A swamp dragon (Swamp:4)
  A lindwurm (Lair:5)
  4 elephants (Lair:6)
  A rust devil (Hell)
  A titan simulacrum (Hell)
  2 neqoxecs
  A redback (Spider:2)
  A hell hound (Elf:2)
  A wolf (Lair:1)
29 creatures vanquished.

Vanquished Creatures (others)
  A deep elf master archer (Elf:3)
  2 eldritch tentacles (Pan)
  2 demonspawn blood saints (Pan)
  A reaper (Hell)
  25 dancing weapons
  A soul eater (Hell)
  A swamp dragon (Swamp:2)
  An orb spider (Spider:4)
  A lindwurm (Lair:5)
  A large abomination (Pan)
  A golden dragon simulacrum (Depths:2)
  2 bloated husks (Swamp:4)
  A ynoxinul (Pan)
  A golden eye (Pan)
  4 humans (D:14)
  A swamp worm (Lair:5)
  2 ogres
  2 centaurs (D:14)
  A wight (D:7)
  An orc wizard (Orc:2)
  An orc (Orc:2)
  A briar patch (Abyss:4)
  2 bushes
  2 creeping infernos (Hell)
  14 foxfires (Swamp:4)
  64 fungi
  130 plants
  3 starspawn tentacles
  4 withered plants
273 creatures vanquished.

Grand Total: 2992 creatures vanquished

Notes
Turn   | Place    | Note
-------+----------+-------------------------------------------
     0 | D:1      | holysushi the Octopode Artificer began the quest for the
                  | Orb.
     0 | D:1      | Reached XP level 1. HP: 13/13 MP: 1/1
    45 | D:1      | Found Nulicikk's Assorted Antiques.
   293 | D:1      | Reached skill level 1 in Short Blades
   293 | D:1      | Reached XP level 2. HP: 18/18 MP: 2/2
   304 | D:1      | Found a faded altar of an unknown god.
  1125 | D:2      | Identified the +5 hunting sling "Ipraege" {flame, rF- rN+
                  | Str+4}
  1205 | D:2      | Noticed Terence
  1228 | D:2      | Killed Terence
  1229 | D:2      | Reached XP level 3. HP: 21/23 MP: 3/3
  1259 | D:2      | Noticed Sigmund
  1264 | D:2      | Killed Sigmund
  1265 | D:2      | Reached skill level 5 in Short Blades
  1265 | D:2      | Reached XP level 4. HP: 6/28 MP: 4/4
  1265 | D:2      | Reached XP level 5. HP: 7/33 MP: 5/5
  1761 | D:2      | Reached XP level 6. HP: 38/38 MP: 6/6
  1832 | D:2      | Noticed Robin
  1849 | D:2      | Killed Robin
  1987 | D:3      | Found a glowing drain.
  2138 | Sewer    | Entered a sewer
  2214 | Sewer    | Noticed Pargi
  2315 | Sewer    | Killed Pargi
  2702 | D:3      | Found an iron altar of Okawaru.
  2885 | D:3      | Found Futro's Antique Weapon Emporium.
  3376 | D:4      | Noticed a black bear
  3387 | D:4      | Killed a black bear
  3388 | D:4      | Reached XP level 7. HP: 3/44 MP: 7/7
  3973 | D:4      | Found a staircase to the Ecumenical Temple.
  4017 | Temple   | Entered the Ecumenical Temple
  4225 | Temple   | Became a worshipper of Gozag Ym Sagoz the Greedy
  4287 | D:4      | Reached skill level 3 in Dodging
  4615 | D:5      | Entered Level 5 of the Dungeon
  4921 | D:5      | Noticed a hornet
  4923 | D:5      | Killed a hornet
  4924 | D:5      | Reached skill level 4 in Dodging
  4924 | D:5      | Reached XP level 8. HP: 51/51 MP: 8/8
  5637 | D:6      | Reached skill level 5 in Dodging
  5880 | D:6      | Reached skill level 5 in Stealth
  6104 | D:6      | Reached skill level 6 in Dodging
  6938 | D:6      | Reached XP level 9. HP: 56/56 MP: 9/9
  7162 | D:6      | Reached skill level 7 in Dodging
  7366 | D:6      | Identified the +1 whip "Mes Xuk" {venom, rN+ Dex+3 Stlth+}
  7644 | D:7      | Found Cueniton's General Store.
  7669 | D:7      | Bought a scroll of teleportation for 36 gold pieces
  8381 | D:7      | Reached skill level 8 in Dodging
  8723 | D:8      | Noticed a komodo dragon
  8747 | D:8      | Killed a komodo dragon
  8748 | D:8      | Reached XP level 10. HP: 63/63 MP: 10/10
  8773 | D:8      | Found a staircase to the Lair.
  8905 | D:8      | Noticed Gastronok
  9208 | D:8      | Reached skill level 9 in Dodging
  9874 | D:8      | Found Uzayf's Antique Weapon Shoppe.
 10736 | D:8      | Killed Gastronok
 10737 | D:8      | Reached skill level 10 in Dodging
 11052 | D:1      | Bought a scroll of identify for 50 gold pieces
 11052 | D:1      | Bought a box of beasts for 1000 gold pieces
 11052 | D:1      | Bought a scroll of identify for 50 gold pieces
 11477 | D:9      | Noticed a wizard
 11484 | D:9      | Killed a wizard
 11558 | D:9      | Reached skill level 11 in Dodging
 11834 | D:9      | Reached XP level 11. HP: 67/67 MP: 11/11
 12016 | D:9      | Reached skill level 10 in Short Blades
 12861 | D:10     | Entered Level 10 of the Dungeon
 12967 | D:10     | Found a flagged portal.
 12967 | D:10     | Noticed Joseph
 13204 | D:10     | Killed Joseph
 13226 | D:10     | Identified the +4 halberd of Springtime {spect, rPois
                  | Str+2}
 13229 | Bailey   | Entered a bailey
 13788 | Bailey   | Reached skill level 5 in Evocations
 13851 | Bailey   | Identified the +4 scale mail "Zil Poul" {rC+}
 15192 | Bailey   | Identified the +2 ring mail "Adoge" {MP+9}
 15224 | Bailey   | Identified a scroll of acquirement
 15224 | Bailey   | Acquired a manual of Short Blades
 15388 | D:10     | Reached skill level 12 in Dodging
 16088 | D:10     | Noticed a two-headed ogre
 16090 | D:10     | Killed a two-headed ogre
 16561 | Lair:1   | Entered Level 1 of the Lair of Beasts
 17462 | Lair:1   | Reached skill level 13 in Dodging
 17464 | Lair:1   | Reached XP level 12. HP: 24/76 MP: 12/12
 17811 | Lair:1   | Reached skill level 5 in Fighting
 18705 | Lair:2   | Found a runed translucent door.
 18705 | Lair:2   | Found a shimmering altar of Xom.
 18705 | Lair:2   | Noticed Desusah's ghost (journeyman DrCA)
 19289 | Lair:2   | Bought a +4 ring of slaying for 1170 gold pieces
 19350 | Lair:3   | Reached skill level 14 in Dodging
 19561 | Lair:3   | Found a transporter.
 19594 | Lair:3   | Noticed a boulder beetle
 19635 | Lair:3   | Killed a boulder beetle
 19695 | Lair:3   | Found a transporter.
 19701 | Lair:3   | Noticed benadryl's ghost (journeyman TrAr)
 19744 | Lair:3   | Found a hole to the Spider Nest.
 19748 | Lair:3   | Noticed a boulder beetle
 20240 | Lair:3   | Reached skill level 10 in Stealth
 20944 | Lair:3   | Reached skill level 15 in Dodging
 21064 | Lair:3   | Found a staircase to the Swamp.
 21130 | Lair:4   | Noticed a six-headed hydra
 21330 | Lair:4   | Killed a six-headed hydra
 21356 | Lair:4   | Reached XP level 13. HP: 75/81 MP: 13/13
 22327 | Lair:3   | Reached skill level 16 in Dodging
 22890 | Lair:3   | Found a transporter.
 23139 | Lair:3   | Found a staircase to the Swamp.
 23162 | Lair:3   | Found a transporter.
 23182 | Lair:3   | Found a hole to the Spider Nest.
 23466 | Lair:3   | Found a hole to the Spider Nest.
 23594 | Lair:3   | Found a staircase to the Swamp.
 23617 | Lair:3   | Found a transporter.
 23683 | Lair:3   | Found a transporter.
 25698 | Lair:5   | Found a runed translucent door.
 25700 | Lair:5   | Noticed Usoal Hoge's ghost (journeyman DjIE)
 26101 | Lair:5   | Reached skill level 17 in Dodging
 26195 | Lair:5   | Identified the +8 trident "Bihoagga" {venom, MP+9}
 26482 | Lair:2   | Bought the ring "Xyalenn" {rPois rN+ Will+} for 552 gold
                  | pieces
 26763 | Lair:6   | Entered Level 6 of the Lair of Beasts
 26768 | Lair:6   | Noticed Snorg
 26944 | Lair:6   | Killed Snorg
 27064 | Lair:6   | Reached XP level 14. HP: 88/88 MP: 14/14
 27329 | Lair:6   | Found a staircase to the Slime Pits.
 27583 | Lair:6   | Reached skill level 18 in Dodging
 30443 | Lair:5   | Identified the +2 plate armour "Acrok" {rF+}
 31247 | D:11     | Identified the +6 scimitar "Cietsuff" {venom, Str+2}
 31405 | D:11     | Got the Almanac of Nature
 31553 | D:11     | Found Ereuzycwof's General Store.
 31603 | D:11     | Bought a scroll of teleportation for 45 gold pieces
 31603 | D:11     | Bought a scroll of blinking for 112 gold pieces
 31906 | D:11     | Found a staircase to the Orcish Mines.
 32061 | Orc:1    | Entered Level 1 of the Orcish Mines
 32743 | Orc:2    | Entered Level 2 of the Orcish Mines
 32886 | Orc:2    | Found a staircase to the Elven Halls.
 33003 | Orc:2    | Reached skill level 1 in Shields
 33011 | Orc:2    | Reached skill level 15 in Stealth
 33217 | Orc:2    | Found Sinyplua's Antique Weapon Shoppe.
 33267 | Orc:2    | Found Toal's Antique Armour Boutique.
 33281 | Orc:2    | Reached skill level 19 in Dodging
 33840 | Orc:2    | Found Xuengaty's Distillery.
 33840 | Orc:2    | Found Ontuj's Armour Boutique.
 33851 | Orc:2    | Reached XP level 15. HP: 84/96 MP: 15/15
 33858 | Orc:2    | Bought a potion of haste for 150 gold pieces
 33858 | Orc:2    | Bought a potion of berserk rage for 75 gold pieces
 33875 | Orc:2    | Bought the +5 buckler of Intuition {rF+ rCorr} for 687 gold
                  | pieces
 34321 | Orc:2    | Bought the ring of Cuyng {MP+9 EV+4 Dex+7} for 1149 gold
                  | pieces
 34512 | Spider:1 | Entered Level 1 of the Spider Nest
 34514 | Spider:1 | Noticed an emperor scorpion
 34570 | Spider:1 | Killed an emperor scorpion
 34948 | Spider:1 | Noticed Jorgrun
 34952 | Spider:1 | Killed Jorgrun
 35628 | Spider:1 | Noticed a ghost moth
 35634 | Spider:1 | Killed a ghost moth
 37669 | Orc:2    | Bought a +6 ring of dexterity for 877 gold pieces
 38661 | Spider:3 | Noticed an emperor scorpion
 38685 | Spider:3 | Killed an emperor scorpion
 39189 | Spider:3 | Reached skill level 20 in Dodging
 39239 | Spider:3 | Reached XP level 16. HP: 105/105 MP: 16/16
 39737 | Spider:4 | Entered Level 4 of the Spider Nest
 42125 | Spider:3 | Reached skill level 10 in Evocations
 43008 | Spider:4 | Reached skill level 21 in Dodging
 43297 | Spider:4 | Got a gossamer rune of Zot
 43393 | Spider:4 | Reached XP level 17. HP: 114/114 MP: 17/17
 43666 | Elf:1    | Entered Level 1 of the Elven Halls
 43685 | Elf:1    | Got Wukuigas's Grimoire of Earthen Black Arts
 43730 | Elf:1    | Noticed Roxanne
 43885 | Elf:1    | Reached skill level 10 in Fighting
 44059 | Elf:1    | Noticed Agnes
 44069 | Elf:1    | Killed Agnes
 44185 | Elf:1    | Paralysed by an air elemental for 1 turns
 44195 | Elf:1    | Paralysed by an air elemental for 1 turns
 45130 | Elf:1    | Identified the +1 plate armour of Oleis {rElec}
 45599 | Elf:2    | Reached skill level 22 in Dodging
 45688 | Elf:2    | Found a runed translucent gate.
 45693 | Elf:2    | Found a runed translucent gate.
 45693 | Elf:2    | Found a runed translucent gate.
 45701 | Elf:2    | Noticed a deep elf blademaster
 45717 | Elf:2    | Killed a deep elf blademaster
 45987 | Elf:2    | Noticed Azrael
 46005 | Elf:2    | Killed Azrael
 46394 | Elf:3    | Entered Level 3 of the Elven Halls
 46611 | Elf:3    | Found Eveollap's Book Emporium.
 46611 | Elf:3    | Found Vomusib's Jewellery Shop.
 46612 | Elf:3    | Found Pieg's Jewellery Shop.
 46632 | Elf:3    | Bought the amulet of the Four Winds {rN+ Will+++ Clar} for
                  | 658 gold pieces
 46632 | Elf:3    | Bought the ring of Lesser Demons {+Blink Will+ EV+4 Int+4}
                  | for 960 gold pieces
 46632 | Elf:3    | Found the amulet of the Four Winds {rN+ Will+++ Clar}
 46679 | Elf:3    | Found a transporter.
 46684 | Elf:3    | Noticed OTABOTABOTAB's ghost (adept DECj)
 46759 | Elf:3    | Found a transporter.
 46783 | Elf:3    | Reached XP level 18. HP: 107/122 MP: 18/18
 46937 | Elf:3    | Identified the +6 mace of the Beginning {vamp, Fly}
 46984 | Elf:3    | Noticed Aizul
 46990 | Elf:3    | Paralysed by an air elemental for 1 turns
 46998 | Elf:3    | Paralysed by an air elemental for 1 turns
 47360 | Elf:2    | Killed Aizul
 48051 | Elf:3    | Noticed a Hell Sentinel
 48076 | Elf:3    | Noticed a Hell Sentinel
 48336 | Elf:3    | Identified the +9 spear "Ysaddaipt" {vorpal, rPois}
 48852 | Elf:3    | Noticed a deep elf master archer
 48852 | Elf:3    | Noticed a deep elf blademaster
 48873 | Elf:3    | Killed a deep elf blademaster
 49040 | Elf:3    | Identified the +12 morningstar "Hydraslayer" {vorpal,
                  | Dex+3}
 49040 | Elf:3    | Identified the ring "Ojaejasm" {rPois rF- rCorr EV+4 Dex+4}
 49139 | Elf:3    | Killed a deep elf master archer
 49445 | Elf:3    | Noticed a deep elf master archer
 49445 | Elf:3    | Noticed a deep elf blademaster
 49450 | Elf:3    | Killed a deep elf blademaster
 49464 | Elf:3    | Killed a deep elf master archer
 49467 | Elf:3    | Identified the +2 dire flail "Adyho" {flame, Dex+2 SInv}
 49481 | Elf:3    | Got the Incunabulum of Bewitchment
 49495 | Elf:3    | Identified the ring "Qeghy" {*Slow rC+++ rCorr Int+2 SInv}
 49620 | Elf:3    | Bought a +6 ring of dexterity for 702 gold pieces
 49620 | Elf:3    | Bought a +6 ring of dexterity for 702 gold pieces
 49904 | Swamp:1  | Entered Level 1 of the Swamp
 50024 | Swamp:1  | Reached skill level 23 in Dodging
 50595 | Swamp:2  | Found a frozen archway.
 50645 | IceCv    | Entered an ice cave
 51370 | Swamp:2  | Reached XP level 19. HP: 132/132 MP: 19/19
 52990 | Swamp:3  | Identified the +5 trident of Ru, Bespelling {vorpal, rElec
                  | rN++ Str-4 Int+3 Dex-5}
 53253 | Swamp:3  | Found a large runed translucent door.
 53253 | Swamp:3  | Found a large runed translucent door.
 53253 | Swamp:3  | Noticed Gelos's ghost (adept VSFi)
 53647 | Swamp:3  | Killed Gelos's ghost
 53653 | Swamp:3  | Identified the +4 long sword "Worm's Wrath" {flame, rElec
                  | rPois Str-5 Dex+2}
 53793 | Swamp:4  | Entered Level 4 of the Swamp
 54839 | Swamp:4  | Noticed the 27-headed Lernaean hydra
 54841 | Swamp:4  | Killed the 27-headed Lernaean hydra
 55334 | Swamp:4  | Got a decaying rune of Zot
 55721 | D:12     | Found Cusmaud's General Store.
 55724 | D:12     | Bought a potion of heal wounds for 80 gold pieces
 55758 | D:12     | Found a portal to a secret trove of treasure.
 55964 | D:12     | You paid a toll of 4 potions of resistance to enter a
                  | treasure trove
 55965 | Trove    | Entered a treasure trove
 55969 | Trove    | Identified the ring "Giarery" {rElec rN+ Will+ Int-2}
 55981 | Trove    | Identified the ring of Macwajuj {rElec AC+4 Int+2 Slay+2}
 55983 | Trove    | Identified the ring "Caggyr" {Str+6 Int+5}
 55985 | Trove    | Identified the ring of Activism {Fly Int+6}
 55988 | Trove    | Identified the ring of Daisies {rCorr MP+9 SInv}
 55991 | Trove    | Identified the ring of Melee {rN+ Str+6}
 55992 | Trove    | Identified the ring of the Monkey {rElec rCorr SInv}
 55994 | Trove    | Identified the amulet of the Zebra {Acrobat +Blink rC+
                  | Str-3}
 56117 | D:12     | Found Kuwkanli's Antique Weapon Boutique.
 56430 | D:12     | Found Cooco's Antique Armour Emporium.
 56447 | D:12     | Noticed Erolcha
 56461 | D:12     | Killed Erolcha
 56479 | D:12     | Found Orex's Antique Weapon Emporium.
 56800 | D:12     | Found Syclop's Antique Weapon Shop.
 56869 | D:12     | Reached XP level 20. HP: 141/141 MP: 20/20
 57603 | D:13     | Found a gate to the Vaults.
 57871 | D:14     | Noticed Kirke
 57901 | D:14     | Killed Kirke
 58033 | D:14     | Reached skill level 15 in Short Blades
 58343 | D:14     | Reached skill level 15 in Evocations
 58494 | D:14     | Noticed Frances
 58507 | D:14     | Killed Frances
 59034 | D:15     | Entered Level 15 of the Dungeon
 59159 | D:15     | Reached skill level 24 in Dodging
 59797 | D:15     | Found a staircase to the Depths.
 60372 | Depths:1 | Entered Level 1 of the Depths
 60380 | Depths:1 | Found a gateway to Hell.
 60560 | Depths:1 | Noticed a caustic shrike
 61037 | Depths:2 | Reached skill level 15 in Fighting
 61763 | Depths:1 | Found Itadi's One-of-a-Kind Rings.
 62040 | Depths:1 | Found a one-way gate to the infinite horrors of the Abyss.
 62260 | Depths:1 | Killed a caustic shrike
 62271 | Depths:1 | Found Agul's Magic Scroll Boutique.
 62272 | Depths:1 | Found Rukaeq's Antique Weapon Shop.
 62272 | Depths:1 | Found Gamohea's Assorted Antiques.
 62275 | Depths:1 | Found Kivoogroore's Distillery.
 62277 | Depths:1 | Bought a scroll of enchant weapon for 127 gold pieces
 62277 | Depths:1 | Bought a scroll of blinking for 127 gold pieces
 62310 | Depths:1 | Bought a +8 ring of dexterity for 2028 gold pieces
 62962 | Depths:1 | Found a one-way gate leading to the halls of Pandemonium.
 63664 | Depths:2 | Found Paopn's Weapon Boutique.
 63719 | Depths:2 | Reached XP level 21. HP: 76/153 MP: 21/21
 63795 | Depths:2 | Identified the +6 long sword "Jaitt" {venom, rElec Str+2}
 64157 | Depths:2 | Found Huklonerch's Magic Scroll Emporium.
 64175 | Depths:2 | Bought a scroll of teleportation for 63 gold pieces
 64175 | Depths:2 | Bought a scroll of teleportation for 63 gold pieces
 64175 | Depths:2 | Bought a scroll of blinking for 157 gold pieces
 64175 | Depths:2 | Bought a scroll of blinking for 157 gold pieces
 64425 | Vaults:1 | Entered Level 1 of the Vaults
 65772 | Vaults:1 | Reached skill level 25 in Dodging
 67103 | Vaults:2 | Reached skill level 5 in Shields
 67661 | Vaults:2 | Reached XP level 22. HP: 136/163 MP: 22/22
 68215 | Vaults:3 | Noticed Asterion
 68219 | Vaults:3 | Killed Asterion
 68548 | Vaults:3 | Acquired 646 gold pieces
 68833 | Vaults:3 | Found Yxyi's Book Shop.
 68920 | Vaults:3 | Found a staircase to the Crypt.
 69097 | Vaults:3 | Noticed Saint Roka
 69149 | Vaults:3 | Killed Saint Roka
 70015 | Vaults:4 | Noticed Margery
 70064 | Vaults:4 | Killed Margery
 70387 | Vaults:4 | Identified the +8 halberd of the Ship {vorpal, rPois Int+4}
 70437 | Vaults:4 | Identified the +0 scale mail "Zila" {Dex+4}
 70687 | Vaults:4 | Reached XP level 23. HP: 153/171 MP: 23/23
 71269 | Vaults:4 | Upgraded the game from 0.29-a0-418-gc0181ea820 to
                  | 0.29-a0-422-gafbd6decc1
 71304 | Vaults:5 | Entered Level 5 of the Vaults
 71316 | Vaults:5 | Reached skill level 26 in Dodging
 71336 | Vaults:5 | Noticed a golden dragon
 71613 | Vaults:4 | Killed a golden dragon
 71929 | Vaults:5 | Reached skill level 10 in Shields
 71930 | Vaults:5 | Noticed an ancient lich
 72323 | Vaults:4 | Killed an ancient lich
 72764 | Vaults:5 | Identified the amulet of Ythroteir {Reflect rPois Int+2
                  | Dex+2 SH+5}
 72909 | Vaults:5 | Identified the +2 buckler "Lanoajan" {rPois Regen+ Dex-3}
 73006 | Vaults:5 | Identified the +10 dagger of the Traitor {pain, rF- rN+
                  | Int+3 SInv}
 73173 | Vaults:5 | Got the Catalogue of Idealism
 73221 | Vaults:5 | Identified the +9 rapier "Gaughyhu" {freeze, rC- Str+2
                  | SInv}
 73249 | Vaults:5 | Noticed a golden dragon
 73262 | Vaults:5 | Killed a golden dragon
 73294 | Vaults:5 | Noticed an ancient lich
 73315 | Vaults:5 | Killed an ancient lich
 73387 | Vaults:5 | Noticed an ancient lich
 73396 | Vaults:5 | Killed an ancient lich
 73564 | Vaults:5 | Reached XP level 24. HP: 181/181 MP: 23/23
 73646 | Vaults:5 | Identified the +1 leather armour "Dadiga" {rElec Int+7
                  | Dex-2}
 73709 | Vaults:5 | Found the amulet of Vitality {Regen+ HP+15}
 73712 | Vaults:5 | Found the +7 Spriggan's Knife {stab, EV+4 Stlth+}
 73761 | Vaults:5 | Got a silver rune of Zot
 74463 | Crypt:1  | Entered Level 1 of the Crypt
 75219 | Crypt:1  | Identified the +6 dagger of Disaster {protect, rN+}
 75650 | Crypt:2  | Noticed Mennas
 76105 | Crypt:2  | Killed Mennas
 76600 | Crypt:2  | Reached skill level 27 in Dodging
 76927 | Crypt:3  | Entered Level 3 of the Crypt
 78132 | Crypt:3  | Found a staircase to the Tomb.
 78135 | Crypt:3  | Found the +13 scythe of Curses {drain, Drain}
 78531 | Crypt:3  | Noticed an ancient lich
 78535 | Crypt:3  | Killed an ancient lich
 78667 | Crypt:3  | Found an ancient bone altar of Kikubaaqudgha.
 78669 | Crypt:3  | Noticed an ancient lich
 78676 | Crypt:3  | Killed an ancient lich
 78682 | Crypt:3  | Noticed a dread lich
 78687 | Crypt:3  | Killed a dread lich
 78692 | Crypt:3  | Noticed a dread lich
 78697 | Crypt:3  | Killed a dread lich
 78730 | Crypt:3  | Reached XP level 25. HP: 193/193 MP: 23/23
 78737 | Crypt:3  | Identified the ring of Furif {EV+4 Dex+2}
 79512 | Slime:1  | Entered Level 1 of the Pits of Slime
 79970 | Slime:5  | Entered Level 5 of the Pits of Slime
 80010 | Slime:5  | Found a viscous altar of Jiyva.
 80010 | Slime:5  | Noticed the Royal Jelly
 80445 | Slime:5  | Killed the Royal Jelly
 81753 | Slime:5  | Identified the +9 plate armour of Wisdom {rF+ Stlth+}
 81757 | Slime:5  | Identified the amulet of Okawaru's Benevolence {Reflect
                  | Harm rF+ Dex+4 SH+5}
 81923 | Slime:5  | Identified the +1 helmet of the Slightly Bent {Fly rF-
                  | Str+3 SInv}
 81942 | Slime:5  | Identified the +5 long sword of the Lusting King {vorpal,
                  | rF+ Str+6 Stlth-}
 81948 | Slime:5  | Got a slimy rune of Zot
 81969 | Slime:5  | Identified the +6 morningstar "Sarcophage" {vorpal, rPois
                  | Will+ Str-2 Stlth+}
 81980 | Slime:5  | Identified the +2 robe "Gisk" {*Slow rC++}
 82630 | Depths:1 | Voluntarily entered the Abyss.
 82631 | Abyss:1  | Found a corrupted altar of Lugonu.
 82847 | Abyss:3  | Got the Almanac of the Blaze
 83230 | Abyss:3  | Gained mutation: Your magical capacity is low. (-10% MP) [a
                  | neqoxec]
 83433 | Abyss:4  | Reached XP level 26. HP: 60/165 MP: 20/20
 83433 | Abyss:4  | Reached XP level 27. HP: 61/170 MP: 20/20
 83433 | Abyss:4  | Got an abyssal rune of Zot
 83442 | Depths:1 | Escaped the Abyss
 83720 | Depths:1 | Lost mutation: Your magical capacity is low. (-10% MP)
                  | [potion of mutation]
 83720 | Depths:1 | Gained mutation: Your spells are much easier to cast, but
                  | much less powerful. [potion of mutation]
 83720 | Depths:1 | Gained mutation: One of your tentacles bears a spike.
                  | [potion of mutation]
 83763 | Depths:1 | Bought a scroll of teleportation for 51 gold pieces
 83769 | Depths:1 | Bought a scroll of brand weapon for 360 gold pieces
 83769 | Depths:1 | Bought a scroll of teleportation for 54 gold pieces
 83769 | Depths:1 | Bought a scroll of acquirement for 936 gold pieces
 83773 | Depths:1 | Acquired a +3 quick blade
 83793 | Depths:1 | Lost mutation: Your spells are much easier to cast, but
                  | much less powerful. [potion of mutation]
 83793 | Depths:1 | Lost mutation: One of your tentacles bears a spike. [potion
                  | of mutation]
 83793 | Depths:1 | Gained mutation: You are partially covered in iridescent
                  | scales. (AC +2) [potion of mutation]
 83793 | Depths:1 | Gained mutation: You are agile. (Dex +2) [potion of
                  | mutation]
 83793 | Depths:1 | Gained mutation: Your muscles are strong. (Str +2) [potion
                  | of mutation]
 85958 | Depths:2 | Identified the +5 ring mail of the Beekeeper {rElec Regen+
                  | MP-9}
 86544 | Depths:3 | Found a one-way gateway to a ziggurat.
 86679 | Depths:3 | Found a radiant altar of Vehumet.
 86679 | Depths:3 | Noticed the Enchantress
 86695 | Depths:3 | Killed the Enchantress
 87308 | Depths:4 | Entered Level 4 of the Depths
 87469 | Depths:4 | Paralysed by a floating eye for 3 turns
 88216 | Depths:4 | Found a gate to the Realm of Zot.
 88898 | Depths:4 | Identified the +2 leather armour "Hopucwot" {rN+}
 88977 | Hell     | Entered the Vestibule of Hell
 88977 | Hell     | Noticed Geryon
 88980 | Hell     | Killed Geryon
 89124 | Hell     | Noticed Murray
 90399 | Hell     | Killed Murray
 90845 | Hell     | Found a gateway to the freezing wastes of Cocytus.
 91162 | Hell     | Found a gateway to the decaying netherworld of Tartarus.
 91483 | Hell     | Found a gateway to the ashen valley of Gehenna.
 91549 | Hell     | Found a gateway to the Iron City of Dis.
 92500 | Hell     | Bought a scroll of teleportation for 39 gold pieces
 92500 | Hell     | Bought a scroll of acquirement for 676 gold pieces
 92500 | Hell     | Bought a scroll of blinking for 97 gold pieces
 92500 | Hell     | Bought 2 scrolls of teleportation for 78 gold pieces
 92502 | Hell     | Acquired 901 gold pieces
 92539 | Hell     | Bought the ring "Jogaify" {rF++ Str+6 Dex+3} for 982 gold
                  | pieces
 92582 | Depths:1 | Bought the ring of the Baleful God {Wiz rC+ Will+ MP+9
                  | Str-2 Dex+4} for 1308 gold pieces
 92653 | Pan      | Entered Pandemonium
 92667 | Pan      | Found an exit through the horrors of the Abyss.
 92870 | Pan      | Gained mutation: You are occasionally teleported next to
                  | monsters. [a cacodemon]
 93130 | Pan      | Reached skill level 15 in Shields
 93299 | Pan      | Noticed Urphullic the pandemonium lord
 93312 | Pan      | Killed Urphullic the pandemonium lord
 94747 | Pan      | Found an exit through the horrors of the Abyss.
 96080 | Pan      | Got a demonic rune of Zot
 96169 | Pan      | Gained mutation: You are frail. (-10% HP) [a cacodemon]
 96172 | Pan      | Lost mutation: You are agile. (Dex +2) [potion of mutation]
 96172 | Pan      | Lost mutation: You are partially covered in iridescent
                  | scales. (AC +2) [potion of mutation]
 96172 | Pan      | Gained mutation: You have an increased reservoir of magic.
                  | (+10% MP) [potion of mutation]
 96180 | Pan      | Lost mutation: You have an increased reservoir of magic.
                  | (+10% MP) [a cacodemon]
 96197 | Pan      | Lost mutation: You are occasionally teleported next to
                  | monsters. [potion of mutation]
 96197 | Pan      | Lost mutation: Your muscles are strong. (Str +2) [potion of
                  | mutation]
 96197 | Pan      | Lost mutation: You are frail. (-10% HP) [potion of
                  | mutation]
 96197 | Pan      | Gained mutation: You are partially covered in large bone
                  | plates. (SH +4) [potion of mutation]
 96197 | Pan      | Gained mutation: You are partially covered in iridescent
                  | scales. (AC +2) [potion of mutation]
 96500 | Pan      | Noticed Neqiklag the pandemonium lord
 96502 | Pan      | Killed Neqiklag the pandemonium lord
 96576 | Depths:1 | Escaped Pandemonium
 96898 | Hell     | Bought the ring "Otreton" {rElec Will+ EV+4 Int+2 Stlth-}
                  | for 642 gold pieces
 97255 | D:1      | Bought a potion of heal wounds for 125 gold pieces
 97356 | Temple   | Fell from the grace of Gozag
 97356 | Temple   | Became a worshipper of Xom of Chaos
 98095 | Depths:1 | Bought a scroll of enchant armour for 127 gold pieces
 98104 | Depths:1 | Bought a scroll of enchant armour for 127 gold pieces
 98902 | Hell     | Bought a scroll of enchant armour for 97 gold pieces
 98959 | Pan      | Entered the realm of Mnoleg.
 98959 | Pan      | Entered Pandemonium
 98963 | Pan      | XOM: blink monster(s)
 98974 | Pan      | XOM: 1-stop teleportation journey
 99024 | Pan      | XOM: noise
 99045 | Pan      | XOM: potion effect (invisibility)
 99062 | Pan      | Gained mutation: You are frail. (-10% HP) [a shining eye]
 99086 | Pan      | XOM: confuse monster(s)
 99087 | Pan      | XOM: scenery: summon butterflies
 99111 | Pan      | Gained mutation: You are clumsy. (Dex -2) [a cacodemon]
 99112 | Pan      | Gained mutation: You expend magic power (3 MP) to
                  | strengthen your wands. [a cacodemon]
 99154 | Pan      | Gained mutation: You are very frail. (-20% HP) [a
                  | cacodemon]
 99159 | Pan      | Paralysed by a floating eye for 3 turns
 99159 | Pan      | Noticed Mnoleg
 99176 | Pan      | XOM: cast spell 'Cause Fear'
 99186 | Pan      | XOM: 1-stop teleportation journey
 99188 | Pan      | Gained mutation: You are dopey. (Int -2) [a cacodemon]
 99211 | Pan      | XOM: polymorph Mnoleg -> Mnoleg
 99231 | Pan      | Killed Mnoleg
 99239 | Pan      | XOM: give mutation
 99239 | Pan      | Lost mutation: You are partially covered in iridescent
                  | scales. (AC +2) [Xom's mischief]
 99308 | Pan      | XOM: divination: detect items
 99315 | Pan      | XOM: 3-stop teleportation journey
 99330 | Pan      | XOM: summons friendly quasit
 99331 | Pan      | XOM: confuse monster(s)
 99358 | Pan      | XOM: god gift: staff of fire
 99375 | Pan      | Gained mutation: Your spells are a little easier to cast,
                  | but a little less powerful. [a neqoxec]
 99379 | Pan      | Gained mutation: Your magical capacity is low. (-10% MP) [a
                  | neqoxec]
 99436 | Pan      | XOM: cast spell 'Summon Small Mammal'
 99438 | Pan      | Gained mutation: You passively map a small area around you.
                  | [a neqoxec]
 99471 | Pan      | Got a glowing rune of Zot
 99529 | Pan      | XOM: scenery: summon butterflies
 99606 | Pan      | XOM: potion effect (might)
 99719 | Pan      | Found an exit through the horrors of the Abyss.
 99760 | Pan      | Took an exit into the Abyss.
 99760 | Abyss:1  | Escaped into the Abyss
 99775 | Depths:1 | Escaped the Abyss
 99973 | Zot:1    | Entered Level 1 of the Realm of Zot
 99977 | Zot:1    | Lost mutation: Your spells are a little easier to cast, but
                  | a little less powerful. [potion of mutation]
 99977 | Zot:1    | Lost mutation: Your magical capacity is low. (-10% MP)
                  | [potion of mutation]
 99977 | Zot:1    | Lost mutation: You expend magic power (3 MP) to strengthen
                  | your wands. [potion of mutation]
 99977 | Zot:1    | Gained mutation: You are strong-willed. (Will+) [potion of
                  | mutation]
 99977 | Zot:1    | Gained mutation: You have supernaturally acute eyesight.
                  | (SInv) [potion of mutation]
 99978 | Zot:1    | Lost mutation: You have supernaturally acute eyesight.
                  | (SInv) [potion of mutation]
 99978 | Zot:1    | Lost mutation: You are very frail. (-20% HP) [potion of
                  | mutation]
 99978 | Zot:1    | Lost mutation: You are clumsy. (Dex -2) [potion of
                  | mutation]
 99978 | Zot:1    | Gained mutation: One of your tentacles bears a spike.
                  | [potion of mutation]
 99978 | Zot:1    | Gained mutation: You are agile. (Dex +2) [potion of
                  | mutation]
 99979 | Zot:1    | Lost mutation: You are dopey. (Int -2) [potion of mutation]
 99979 | Zot:1    | Lost mutation: You are strong-willed. (Will+) [potion of
                  | mutation]
 99979 | Zot:1    | Lost mutation: You are frail. (-10% HP) [potion of
                  | mutation]
 99979 | Zot:1    | Gained mutation: You are partially covered in iridescent
                  | scales. (AC +2) [potion of mutation]
 99979 | Zot:1    | Gained mutation: You are mostly covered in iridescent
                  | scales. (AC +4) [potion of mutation]
100001 | Depths:4 | XOM: potion effect (heal wounds)
100003 | Depths:4 | XOM: divination: detect items
100118 | Depths:4 | XOM: god gift: 53 gold pieces
100215 | Zot:1    | XOM: 7-stop teleportation journey
100234 | Zot:1    | XOM: blink monster(s)
100248 | Zot:1    | XOM: summons 1 hostile shadow creature
100249 | Zot:1    | XOM: polymorph komodo dragon -> culicivora
100260 | Zot:1    | XOM: polymorph purple draconian shifter -> acid blob
100278 | Zot:1    | XOM: enchant monster (good)
100552 | Zot:1    | Noticed Vv
100564 | Zot:1    | XOM: cast spell 'Disjunction'
100576 | Zot:1    | XOM: noise
100598 | Zot:1    | Killed Vv
100885 | Zot:1    | XOM: 1-stop teleportation journey
101537 | Zot:2    | XOM: stat loss: -1 Int (15/16)
101547 | Zot:2    | Identified the ring of Qounem {rElec rC+ Will- MP-9 Str+8}
                  | (Xom gifted it to you on level 2 of the Realm of Zot)
101547 | Zot:2    | XOM: god gift: ring of Qounem {rElec rC+ Will- MP-9 Str+8}
101550 | Zot:2    | XOM: polymorph golden dragon -> acid blob
101557 | Zot:2    | XOM: noise
101563 | Zot:2    | XOM: polymorph acid blob -> titan
101745 | Zot:2    | XOM: 1-stop teleportation journey
102009 | Zot:3    | XOM: cleaving
102205 | Zot:3    | XOM: destruction
102210 | Zot:3    | XOM: divination: magic mapping
102211 | Zot:3    | XOM: confuse monster(s)
102217 | Zot:3    | XOM: polymorph green draconian -> azure jelly
102312 | Zot:3    | XOM: divination: detect creatures
102320 | Zot:3    | XOM: summons friendly crimson imp
102338 | Zot:3    | XOM: enchant monster (good)
102363 | Zot:3    | XOM: cleaving
102393 | Zot:3    | XOM: god gift: wand of iceblast (7)
102811 | Zot:3    | XOM: confuse monster(s)
102972 | Zot:3    | XOM: cloud trail
103469 | Zot:4    | XOM: polymorph purple draconian shifter -> azure jelly
103536 | Zot:4    | XOM: cleaving
103545 | Zot:4    | XOM: cast spell 'Necromutation'
103558 | Zot:4    | XOM: 1-stop teleportation journey
103567 | Zot:4    | Noticed an orb of fire
103577 | Zot:4    | Killed from afar by an orb of fire

Illustrated notes

Levels and vault maps discovered:
D:1:      minmay_arrival_open_corners, layout_basic,
          shapermc_ecumenical_altar_pompeii, serial_shops,
          nicolae_shop_overgrown_old_shop
D:2:      layout_loops_ring, serial_undead, serial_undead_a, serial_undead_b,
          serial_undead_f, serial_undead_d, uniq_terence, uniq_robin,
          uniq_sigmund
D:3:      layout_basic, lemuel_crystal_altar, portal_sewer_entry_a,
          serial_shops, shop
D:4:      cheibrodos_pilgrimage, layout_gridville,
          minmay_temple_entry_glassed_door, kennysheep_small_square
D:5:      layout_basic
D:6:      layout_loops_cross, kennysheep_small_circle
D:7:      layout_basic, serial_shops, shop
D:8:      layout_loops_ring, grunt_lair_entry_orc_guard_hut, special_room
          [special_room_orc], serial_shops, nicolae_shop_overgrown_old_shop,
          serial_bayou_pond_c, uniq_gastronok
D:9:      layout_loops_corners, lightli_wizard_tower
D:10:     layout_roguey [special_room_orc], enter_bailey_2, minmay_orc_keep,
          uniq_joseph
D:11:     layout_loops_cross, orc_0_dummy, serial_shops, shop,
          introduction_to_nature_2
D:12:     layout_grid_maze, special_room [special_room_orc], serial_shops,
          kennysheep_mini_moat, shop, nicolae_shop_hallway_stairs,
          nicolae_shop_hallway_plus,
          nicolae_shop_temple_entry_statues_fountains,
          nicolae_trove_entry_columns, uniq_erolcha
D:13:     layout_basic, david_vaults_2, minivault_10
D:14:     layout_rooms, minivault_11, interstate_on_off, uniq_frances,
          uniq_kirke
D:15:     gammafunk_enter_depths_forms, layout_loops_cross,
          hangedman_abyss_or_decor_clamps
Temple:   mainiacjoe_temple_archimedes_tessellation
Lair:1:   layout_big_grid
Lair:2:   layout_cave_pods, ebering_ghost_xom, serial_bayou_shore_a
Lair:3:   layout_cave_pods, nicolae_swamp_entry_splash_gauntlet,
          nicolae_spider_entry_non_spiders, gammafunk_ghost_arena,
          lemuel_fruit_tree
Lair:4:   layout_cave_pods, nicolae_quartered_pool_medium, grunt_megastairs_4,
          lemuel_fruit_fields
Lair:5:   beast_lair_carwin_large_1, layout_gridlike,
          ebering_ghost_funeral_grove, minmay_lindwurm_lava
Lair:6:   gammafunk_lair_ancient_temple, layout_regular_city,
          nicolae_slime_entry_slimehenge, uniq_snorg
Swamp:1:  layout_basic_swamp, nicolae_swamp_well_well_well, swamp_pool5,
          nicolae_swamp_bean_lake
Swamp:2:  nzn_winding_woodlands_medium [nzn_winding_woodlands_5x5_default,
          nzn_winding_woodlands_5x15_eye, nzn_winding_woodlands_5x5_open_star,
          nzn_winding_woodlands_5x5_perimeter,
          nzn_winding_woodlands_center_diamonds,
          nzn_winding_woodlands_5x5_checkerboard,
          nzn_winding_woodlands_5x5_cross, nzn_winding_woodlands_5x15_jagged,
          nzn_winding_woodlands_5x5_default], layout_basic_swamp,
          portal_ice_cave_entry_pillars_three, hangedman_swamp_ruin_wall,
          swamp_pool2
Swamp:3:  layout_basic_swamp, ebering_ghost_disaster_area,
          nicolae_swamp_dense_foliage, nicolae_swamp_baby_hydras
Swamp:4:  swamp_old_school, layout_basic_swamp, swamp_pool1,
          nicolae_swamp_little_tower
Spider:1: layout_spider_delve, uniq_jorgrun
Spider:2: layout_cave_pods, nicolae_spider_cling_halls
Spider:3: layout_chambers, hellmonk_narrow_tunnel
Spider:4: floodkiller_spider_rune_tomb, nicolae_spider_some_kinda_spiderbox
Slime:1:  layout_caves, basic_altar
Slime:2:  layout_caves, nicolae_slime_phagocytosis
Slime:3:  layout_caves
Slime:4:  layout_caves, nicolae_slime_round_cave
Slime:5
Orc:1:    layout_caves, rock_pile
Orc:2:    st_orc_town, layout_caves
Elf:1:    minmay_elf_arrival_plus, layout_geoelf_diagonals, evilmike_minifort,
          uniq_roxanne, uniq_agnes
Elf:2:    nicolae_elf_blades_crystal_corner, layout_gridlike,
          grunt_megastairs_3, uniq_azrael
Elf:3:    elf_hall_gauntlet_wide, layout_geoelf_castle, gammafunk_ghost_arena,
          einodemon_barbed_minivault, minmay_shop_grove, uniq_aizul
Vaults:1: nicolae_vaults_what_the_h, nicolae_vaults_quartermaster,
          vaults_dpeg_cross, hangedman_vaults_impose, ontoclasm_vaults_pinch,
          v_misc_16, hangedman_vaults_trim, layout_vaults_quadrants
Vaults:2: v_misc_9, ontoclasm_vaults_shout, hangedman_vaults_corner_blocks,
          nicolae_vaults_alarming, nicolae_vaults_circle_grid_b,
          ontoclasm_vaults_bender, hangedman_vaults_impose,
          nicolae_vaults_network_quinsquares
          [nicolae_vaults_network_quincunx_subvault,
          nicolae_vaults_network_quincunx_subvault,
          nicolae_vaults_network_quincunx_subvault,
          nicolae_vaults_network_quincunx_subvault],
          nicolae_vaults_angled_halls, ontoclasm_vaults_ligature,
          hangedman_vaults_cutoff, nicolae_vaults_little_squares_3,
          vaults_room_fancy_cross, layout_vaults_omnicross
Vaults:3: nicolae_vaults_network_star, vaults_room_door_hall,
          vaults_dpeg_diagonal, v_misc_10, nicolae_vaults_murderbox,
          blue_anna_dwarven_crypt, vaults_dpeg_hooks,
          nicolae_vaults_network_barrier, vaults_room_pools,
          dpeg_vaults_monster_box, v_rooms_2, nicolae_vaults_diagonal_hallway_8,
          nicolae_vaults_diagonal_hallway_7, v_misc_25,
          ontoclasm_vaults_ring_small, layout_vaults_maze_bifur, serial_shops,
          nicolae_shop_temple_entry_statues_fountains, uniq_saint_roka,
          uniq_asterion
Vaults:4: hangedman_vaults_pinch, nicolae_vaults_puzzle_piece,
          ontoclasm_vaults_idyll, nicolae_vaults_little_squares_1,
          vaults_room_pool, hangedman_vaults_corner_blocks,
          nicolae_vaults_rhombus_6, vaults_mumra_chevron, v_alt_pattern_2,
          ontoclasm_vaults_fault, nicolae_vaults_little_squares_5,
          layout_vaults_ring, uniq_margery
Vaults:5: serial_shops
Crypt:1:  layout_gridlike, serial_sigils_hangedman_scratch
Crypt:2:  layout_chaotic_city, uniq_mennas
Crypt:3:  quadcrypt_mu
Depths:1: layout_gridlike, hangedman_abyss_entry_splay,
          kennysheep_pointless_box, rand_demon_pan_entry_4, hell_entry,
          nicolae_shop_unique_rings, minmay_fractal_squares_diagonal_5,
          minmay_shoptagon
Depths:2: dreamdust_isle_of_ice, layout_gridlike, rand_demon_pan_entry_9,
          hell_entry, nicolae_stop_n_shop_1, minmay_shop_star
Depths:3: grunt_forest_end_shrine, layout_gridlike, enter_ziggurat_b,
          grunt_mini_vestibule, abyss_entry, serial_sigils_hangedman_clutch,
          grunt_ministairs_5, infiniplex_staircase_hallway_doors
Depths:4: evilmike_zot_entry_hall, layout_small_grid, kennysheep_doodads,
          pf_hell_entry_tar_river
Hell
Zot:1:    layout_misc_corridors, hangedman_zot_gyre, uniq_vv
Zot:2:    layout_gridlike
Zot:3:    layout_basic
Zot:4:    gammafunk_mikee_crab_dinner, layout_basic,
          hangedman_elemental_grid_stream

Skill      XL: |  1  2  3  4  5  6  7  8  9 10 11 12 13 14 15 16 17 18 19 20 21 22 23 24 25 26 27 |
---------------+----------------------------------------------------------------------------------+-----
Short Blades   | 1 2 5 6 7 8 9 11 12 14 15 16 17 18 20 | 20.0
Stealth        | 2 3 5 7 9 11 14 15 16 17 18 19 20 23 | 23.2
Dodging        | 4 6 8 11 13 15 17 19 20 21 22 23 24 25 26 27 | 27.0
Fighting       | 2 3 4 5 6 8 9 10 12 13 15 17 18 19 21 23 25 | 25.1
Evocations     | 4 5 6 8 10 12 13 14 15 | 15.0
Shields        | 1 4 5 8 10 22 | 22.9

Action                   |  1- 3 |  4- 6 |  7- 9 | 10-12 | 13-15 | 16-18 | 19-21 | 22-24 | 25-27 || total
-------------------------+-------+-------+-------+-------+-------+-------+-------+-------+-------++-------
Melee: Constrict         |    12 |     8 |    30 |   146 |   170 |   190 |   141 |   180 |   257 ||  1134
       Unarmed           |     6 |       |       |       |       |       |       |       |       ||     6
       Tentacles         |    10 |    11 |    26 |   204 |   397 |   447 |   707 |   620 |  1107 ||  3529
       Dagger            |    36 |       |       |       |       |       |       |       |       ||    36
       Punch             |     1 |       |     4 |    10 |    22 |    27 |    55 |    40 |    69 ||   228
       Short sword       |       |    51 |   185 |   754 |  1197 |  1125 |  1569 |       |       ||  4881
       Rapier            |       |       |       |       |       |       |   303 |  1099 |  1696 ||  3098
       Knife             |       |       |       |       |       |       |       |   350 |   793 ||  1143
       Kick              |       |       |       |       |       |       |       |       |   353 ||   353
 Fire: Hunting sling     |     9 |    29 |       |       |       |       |       |       |       ||    38
Invok: Call Merchant     |       |       |       |     1 |     1 |     1 |       |       |     8 ||    11
Evoke: Wand              |     7 |     7 |    19 |    25 |    30 |    12 |       |     2 |    18 ||   120
       Box of beasts     |       |       |       |     1 |     3 |     2 |       |     3 |     3 ||    12
       Piece from Xom's  |       |       |       |       |     3 |     1 |       |       |       ||     4
       Condenser vane    |       |       |       |       |     2 |     2 |       |     2 |     3 ||     9
       Phantom mirror    |       |       |       |       |       |     1 |     1 |     2 |     3 ||     7
       Phial of floods   |       |       |       |       |       |       |       |     1 |     1 ||     2
  Use: Scroll            |       |     5 |       |    26 |     4 |    13 |    10 |     4 |    24 ||    86
       Potion            |       |       |       |       |     5 |     1 |     3 |     1 |    16 ||    26
 Stab: Sleeping          |     3 |     3 |    25 |    36 |    45 |    60 |    85 |   102 |   163 ||   522
       Distracted        |       |       |       |    14 |    21 |    34 |    63 |    60 |    59 ||   251
       Paralysed         |       |       |       |     4 |     1 |     1 |       |       |     2 ||     8
       Petrified         |       |       |       |       |     1 |       |       |       |       ||     1
       Invisible         |       |       |       |       |       |       |     5 |       |    18 ||    23
       Confused          |       |       |       |       |       |       |       |       |    31 ||    31
       Petrifying        |       |       |       |       |       |       |       |       |     3 ||     3
Armor: Skin              |     7 |     3 |     5 |    17 |    26 |     9 |     8 |     4 |    13 ||    92
Dodge: Dodged            |    36 |    35 |    64 |   526 |   637 |   685 |  1348 |   851 |  1697 ||  5879
Block: Other             |       |       |    24 |   126 |    58 |       |       |       |       ||   208
       Reflection        |       |       |       |     4 |     1 |    25 |       |       |       ||    30
       Buckler           |       |       |       |       |   309 |   688 |   950 |   818 |  1096 ||  3861
       Tower shield      |       |       |       |       |       |       |       |       |  1174 ||  1174

Table legend: (Time is in decaauts)
 A = Elapsed time spent in this place.
 B = Non-inter-level travel time spent in this place.
 C = Inter-level travel time spent in this place.
 D = Time resting spent in this place.
 E = Time spent auto-exploring this place.
 F = Levels seen in this place.
 G = Mean time per level.
                   A        B        C        D        E       F      G
               +--------+--------+--------+--------+--------+-----+--------+
         Total |  99396 |  90266 |   9130 |  28438 |  35175 |  72 | 1380.5 |
       Dungeon |  23005 |  19153 |   3852 |   5894 |   9291 |  15 | 1533.7 |
        Temple |    242 |    198 |     44 |      0 |    173 |   1 |  242.0 |
          Lair |  14271 |  12578 |   1693 |   4061 |   6237 |   6 | 2378.5 |
         Swamp |   4676 |   4563 |    113 |   1195 |   1964 |   4 | 1169.0 |
   Spider Nest |   8034 |   7606 |    428 |   2839 |   2684 |   4 | 2008.5 |
    Slime Pits |   3081 |   2590 |    491 |   1038 |    319 |   5 |  616.2 |
  Orcish Mines |   1927 |   1806 |    121 |    295 |    924 |   2 |  963.5 |
   Elven Halls |   5831 |   5611 |    220 |   2052 |   1751 |   3 | 1943.7 |
        Vaults |   9626 |   8615 |   1011 |   1835 |   3902 |   5 | 1925.2 |
         Crypt |   4408 |   4132 |    276 |    774 |   1559 |   3 | 1469.3 |
        Depths |  10053 |   9313 |    740 |   4302 |   2117 |   4 | 2513.2 |
          Hell |   2482 |   2441 |     41 |   1240 |    332 |   1 | 2482.0 |
           Zot |   3281 |   3187 |     94 |    880 |   1344 |   4 |  820.2 |
         Abyss |    763 |    763 |      0 |    273 |      0 |   5 |  152.6 |
   Pandemonium |   4404 |   4404 |      0 |    512 |   2009 |   6 |  734.0 |
         Trove |     55 |     55 |      0 |      0 |      0 |   1 |   55.0 |
         Sewer |    524 |    524 |      0 |    253 |    147 |   1 |  524.0 |
        Bailey |   2057 |   2057 |      0 |    969 |    185 |   1 | 2057.0 |
      Ice Cave |    668 |    668 |      0 |     26 |    237 |   1 |  668.0 |
               +--------+--------+--------+--------+--------+-----+--------+

Top non-repeatable levels by time:
  Lair:3: 4623 daAuts
Depths:1: 3513 daAuts
Depths:2: 3472 daAuts
  Lair:5: 3001 daAuts
Spider:3: 2993 daAuts
Vaults:4: 2806 daAuts
   Elf:3: 2785 daAuts
     D:8: 2760 daAuts
    Hell: 2482 daAuts
  Lair:6: 2289 daAuts
Spider:4: 2095 daAuts
  Bailey: 2057 daAuts
  Lair:4: 2023 daAuts
Depths:4: 1939 daAuts
Vaults:3: 1927 daAuts
